 Dungeon Crawl Stone Soup version 0.29-a0-732-g3d7fbe0af2 (webtiles) character file.

Game seed: 17695409675283331382

78 Zonian the Chiller (level 4, 0/21 HPs)
             Began as a Vine Stalker Ice Elementalist on June 29, 2022.
             Succumbed to Terence's poison
             ... on level 3 of the Dungeon on June 30, 2022.
             The game lasted 00:07:13 (4296 turns).

Zonian the Chiller (Vine Stalker Ice Elementalist)  Turns: 4296, Time: 00:07:13

Health: 0/21       AC:  2    Str: 11    XL:     4   Next: 36%
Magic:  2/9        EV: 12    Int: 17    God:
Gold:   143        SH:  0    Dex: 14    Spells: 1/8 levels left

rFire   . . .      SeeInvis .   f - +0 dagger
rCold   . . .      Faith    .   (no shield)
rNeg    . . .      Spirit   +   a - +0 robe
rPois   .          Reflect  .   (no helmet)
rElec   .          Harm     .   (no cloak)
rCorr   .          Rampage  .   (no gloves)
Will    .....                   (no boots)
Stlth   ++........              (no amulet)
HPRegen 0.87/turn               (no ring)
MPRegen 0.11/turn               (no ring)

@: lethally poisoned (0 -> -6)
A: fangs 2, regeneration 1, magic shield, antimagic bite, no potion heal 2
a: no special abilities


You were on level 3 of the Dungeon.
You visited 1 branch of the dungeon, and saw 3 of its levels.

You collected 143 gold pieces.

Inventory:

Hand Weapons
 d - a +0 whip
 f - a +0 dagger (weapon)
 t - a +0 sling
Missiles
 o - 5 poisoned darts
Armour
 a - a +0 robe (worn)
Wands
 n - a wand of mindburst (5)
Scrolls
 e - a scroll of amnesia
 i - 2 scrolls of fear
 j - a scroll of poison {unknown}
 l - 2 scrolls of blinking
 p - a scroll of teleportation
 q - a scroll of immolation {unknown}
 r - 3 scrolls of summoning {unknown}
Potions
 b - 2 potions of magic
 c - 2 potions of invisibility
 g - a potion of heal wounds
 h - a potion of haste {unknown}
 k - a potion of curing {unknown}
 m - a potion of mutation {unknown}
 s - a potion of lignification {unknown}


   Skills:
 + Level 2.2 Dodging
 + Level 3.5 Stealth
 + Level 2.9 Spellcasting
 + Level 4.5 Ice Magic


You had one spell level left.
You knew the following spells:

 Your Spells              Type           Power      Damage    Failure   Level
a - Freeze                Ice            68%        1d8       2%          1
b - Frozen Ramparts       Ice            34%        1d5       9%          3
c - Ozocubu's Armour      Ice            17%        N/A       9%          3

Your spell library contained the following spells:

 Spells                   Type           Power      Damage    Failure   Level
 Inner Flame              Hex/Fire       2%         N/A       47%         3
 Hailstorm                Conj/Ice       10%        3d5       56%         4
 Cause Fear               Hex            1%         N/A       87%         4
 Discord                  Hex            1%         N/A       100%        8


Dungeon Overview and Level Annotations

Branches:
Dungeon (3/15)

Altars:
Elyvilon
Beogh

Annotations:
D:3 Terence


Innate Abilities, Weirdness & Mutations

You have extremely sharp teeth.
Your natural rate of healing is unusually fast.
When hurt, damage is shared between your health and your magic reserves.
Your bite disrupts and absorbs the magic of your enemies.
Potions cannot restore your health.


Message History

You shoot a sling bullet.
Unknown command.
Terence is nearby!
Terence is nearby!
Unknown command.
Fire: t) +0 sling
Press: ? - help, Shift-Dir - straight line, f - Terence
Aim: Terence, wielding a +5 trident of venom, wearing a +0 scale mail and carrying a wand of flame (17) (wandering, hasn't noticed you)
You shoot a sling bullet. The sling bullet barely misses Terence.
Unknown command.
f - a +0 dagger (weapon)
Unknown command.
Terence barely misses you.
Unknown command.
Casting: Freeze (safe; 2% risk of failure)
Confirm with . or Enter, or press ? or * to list all spells.
Aiming: Freeze (safe; 2% risk of failure)
Press: ? - help, Shift-Dir - straight line, f/p - Terence
Aim: Terence, wielding a +5 trident of venom, wearing a +0 scale mail and carrying a wand of flame (17)
You freeze Terence.
Terence is lightly wounded.
Terence hits you with a +5 trident of venom.
You are poisoned.
Casting: Freeze (safe; 2% risk of failure)
Confirm with . or Enter, or press ? or * to list all spells.
Aiming: Freeze (safe; 2% risk of failure)
Press: ? - help, Shift-Dir - straight line, f/p - Terence
Aim: Terence, wielding a +5 trident of venom, wearing a +0 scale mail and carrying a wand of flame (17) (lightly wounded)
You freeze Terence.
Terence is moderately wounded.
You feel very sick.
Terence zaps a wand.
The puff of flame hits you!
You completely miss Terence.
Terence is moderately wounded.
You feel very sick.
Terence hits you with a +5 trident of venom.
* * * LOW HITPOINT WARNING * * *
You hit Terence but do no damage. You bite Terence, but do no damage.
Terence is moderately wounded.
You die...

#.........###.## #.##.......#
#.###.###.##...###.#####.#...
#.# #.# ##.............##.#
#†###.# #.##...###.########.#
#..<..# #.......##.# #..
###.### #..####.##.# ### #.#
#..####....# #.# #..#....#..#
#.# #..#@##....# #.#
#..#@##..#.########## #.#
.................... #.#
#.#.#####.########..
#.......#.# #.# # ##.##
#.#.########.. #. #.#
#.#..........>
.#######.####...###.......
...............###.#####@


You could see Terence.

Vanquished Creatures
  4 adders
  2 dart slugs (D:1)
  An orc (D:3)
  4 ball pythons (D:2)
  4 endoplasms
  4 giant cockroaches
  A goblin (D:3)
  3 hobgoblins
  4 kobolds
  4 bats
  2 frilled lizards (D:3)
  5 rats
38 creatures vanquished.

Vanquished Creatures (others)
  4 plants (D:3)
4 creatures vanquished.

Grand Total: 42 creatures vanquished

Notes
Turn   | Place    | Note
-------+----------+-------------------------------------------
     0 | D:1      | Zonian the Vine Stalker Ice Elementalist began the quest
                  | for the Orb.
     0 | D:1      | Reached XP level 1. HP: 9/9 MP: 4/4
    61 | D:1      | Reached XP level 2. HP: 2/13 MP: 0/6
   427 | D:1      | Found a faded altar of an unknown god.
  2085 | D:2      | Reached XP level 3. HP: 16/16 MP: 1/7
  3096 | D:3      | Found a white marble altar of Elyvilon.
  3300 | D:3      | Noticed Terence
  3671 | D:2      | Learned a level 3 spell: Frozen Ramparts
  3675 | D:2      | Learned a level 3 spell: Ozocubu's Armour
  3802 | D:3      | Gained mutation: Your natural rate of healing is unusually
                  | fast. [Vine Stalker growth]
  3802 | D:3      | Reached XP level 4. HP: 21/21 MP: 9/9
  3826 | D:3      | Upgraded the game from 0.29-a0-723-gce39da1c22 to
                  | 0.29-a0-732-g3d7fbe0af2
  4296 | D:3      | Succumbed to Terence's poison

Illustrated notes

Levels and vault maps discovered:
D:1:      psy_arrival_dodecagon, layout_basic,
          hellmonk_ecumenical_altar_defaced_shrine
D:2:      layout_basic, hangedman_decor_points, patterned_corridor
D:3:      layout_loops_ring, nicolae_elyvilon_temple_path,
          gammafunk_temple_overflow_elements, uniq_terence

Skill      XL: |  1  2 |
---------------+-------+-----
Stealth        | 3 |  3.5
Dodging        | 2 |  2.2
Spellcasting   | |  2.9
Ice Magic      | |  4.5

Action                   |  1- 3 |  4- 6 || total
-------------------------+-------+-------++-------
Melee: Unarmed           |    32 |       ||    32
       Bite              |    16 |     2 ||    18
       Whip              |    34 |       ||    34
       Punch             |     2 |       ||     2
       Dagger            |     4 |     9 ||    13
 Fire: Sling             |       |     4 ||     4
 Cast: Freeze            |    37 |     7 ||    44
  Use: Scroll            |     6 |       ||     6
 Stab: Sleeping          |     5 |       ||     5
Armor: Robe              |    19 |     3 ||    22
Dodge: Dodged            |    72 |    10 ||    82

Table legend: (Time is in decaauts)
 A = Elapsed time spent in this place.
 B = Non-inter-level travel time spent in this place.
 C = Inter-level travel time spent in this place.
 D = Time resting spent in this place.
 E = Time spent auto-exploring this place.
 F = Levels seen in this place.
 G = Mean time per level.
                   A        B        C        D        E       F      G
               +--------+--------+--------+--------+--------+-----+--------+
         Total |   4299 |   4122 |    177 |   1639 |   1906 |   3 | 1433.0 |
       Dungeon |   4299 |   4122 |    177 |   1639 |   1906 |   3 | 1433.0 |
               +--------+--------+--------+--------+--------+-----+--------+

Top non-repeatable levels by time:
     D:2: 1623 daAuts
     D:1: 1348 daAuts
     D:3: 1327 daAuts
